 Dungeon Crawl Stone Soup version 0.27-a0-262-gc50aac273e (webtiles) character file.

Game seed: 11162359187338166992

22153 kae the Grappler (level 12, 0/106 HPs)
             Began as a White Draconian Transmuter on Feb 4, 2021.
             Was the Champion of Ru.
             Slain by a cane toad (38 damage)
             ... on level 6 of the Lair of Beasts.
             The game lasted 00:15:16 (26184 turns).

kae the Grappler (White Draconian Transmuter)      Turns: 26184, Time: 00:15:17

Health: 0/106      AC: 11    Str: 17    XL:     12   Next: 60%
Magic:  0/24       EV: 16    Int: 14    God:    Ru [******]
Gold:   1276       SH:  0    Dex: 12    Spells: 14/27 levels left

rFire    . . .     SeeInvis .     - Unarmed
rCold    + . .     Faith    .   (no shield)
rNeg     . . .     Spirit   +   (armour unavailable)
rPois    .         Reflect  .   (helmet restricted)
rElec    .         Harm     .   o - +2 cloak
rCorr    +         Rampage  .   (no gloves)
Will     .....                  (no boots)
Stlth    ++........             z - amulet of guardian spirit
HPRegen  0.27/turn              x - ring of resist corrosion
MPRegen  0.19/turn              l - ring of stealth

@: lethally poisoned (0 -> -5), sleeping, no scrolls
A: breathe frost, unfitting armour, cold resistance 1, cold-blooded, inability
to read while threatened, inability to use devices, hated by all, inexperienced
1, AC +8
a: Breathe Frost, Renounce Religion, Draw Out Power, Power Leap, Apocalypse


You were on level 6 of the Lair of Beasts.
You worshipped Ru.
Ru was exalted by your worship.
You visited 3 branches of the dungeon, and saw 18 of its levels.

You collected 1276 gold pieces.

Inventory:

Armour
 o - a +2 cloak (worn)
Jewellery
 l - a ring of stealth (right hand)
 w - an uncursed ring of fire
 x - a ring of resist corrosion (left hand)
 z - an amulet of guardian spirit (around neck)
Scrolls
 a - 7 scrolls of teleportation
 c - 7 scrolls of enchant armour
 h - a scroll of identify
 i - 3 scrolls of magic mapping
 m - 2 scrolls of blinking
 n - a scroll of fear
 p - 2 scrolls of fog
 s - 7 scrolls of remove curse
 u - 5 scrolls of enchant weapon
Potions
 b - 4 potions of mutation
 d - 3 potions of resistance
 e - 2 potions of berserk rage
 f - 3 potions of flight
 g - 3 potions of haste
 j - a potion of ambrosia
 k - 5 potions of curing
 q - a potion of attraction
 r - 3 potions of lignification
 t - 2 potions of brilliance
 v - a potion of might


   Skills:
 + Level 10.2 Fighting
 + Level 8.9 Dodging
 * Level 13.4 Unarmed Combat
 - Level 8.0 Spellcasting
 + Level 9.7 Transmutations
 - Level 7.0 Ice Magic
 - Level 2.0 Poison Magic


You had 14 spell levels left.
You knew the following spells:

 Your Spells              Type           Power        Failure   Level
a - Beastly Appendage     Tmut           64%          1%          1
b - Spider Form           Tmut/Pois      11%          3%          3
c - Ice Form              Ice/Tmut       29%          4%          4
d - Blade Hands           Tmut           16%          7%          5

Your spell library contained the following spells:

 Spells                   Type           Power        Failure   Level
 Wereblood                Tmut           32%          1%          2
 Apportation              Tloc           10%          13%         1
 Corona                   Hex            5%           13%         1
 Foxfire                  Conj/Fire      20%          13%         1
 Magic Dart               Conj           20%          13%         1
 Pain                     Necr           20%          13%         1
 Vampiric Draining        Necr           2%           36%         3
 Yara's Violent Unravell  Hex/Tmut       9%           43%         5
 Cause Fear               Hex            2%           77%         4
 Agony                    Necr           5%           98%         5
 Silence                  Hex/Air        2%           98%         5
 Discord                  Hex            2%           100%        8
 Animate Skeleton         Necr           Unusable     N/A         1
 Summon Small Mammal      Summ           Unusable     N/A         1
 Animate Dead             Necr           Unusable     N/A         4

Dungeon Overview and Level Annotations

Branches:
Dungeon (11/15)            Temple (1/1) D:7            Lair (6/6) D:11
 Shoals (0/4) Lair:3        Snake (0/4) Lair:3        Slime (0/5) Lair:5
    Orc (0/2) D:9

Altars:
Ashenzari
Cheibriados
Dithmenos
Elyvilon
Fedhas
Gozag
Hepliaklqana
Kikubaaqudgha
Makhleb
Nemelex Xobeh
Okawaru
Qazlal
Ru
Sif Muna
Trog
Uskayaw
Vehumet
Wu Jian
Xom
Yredelemnul
Zin
The Shining One

Shops:
D:4 (   D:11 [

Annotations:
D:2 Sigmund
D:3 exclusion: 2 goblins
D:8 exclusion: cyclops


Innate Abilities, Weirdness & Mutations

You can breathe waves of freezing cold.
You can buffet flying creatures when you breathe cold.
Your icy white scales are hard. (AC +8)
You cannot fit into any form of body armour.
Your flesh is cold resistant. (rC+)
You are cold-blooded and may be slowed by cold attacks.
You cannot read scrolls while threatened.
You cannot study or use magical devices.
You are hated by all.
You are somewhat inexperienced. (-2 XL)


Message History

A yak comes into view.
The dream sheep closely misses you.
You hear a bellow!
Unknown command.
The cane toad stings you!
You are poisoned.
The cane toad poisons you!
You focus your inner power and blind the cane toad in retribution!
You feel sick.
The dream sheep is stunned by your conviction and fails to attack.
You feel sick.
You feel sick.
You feel sick.
You feel sick.
The dream sheep shake their wool and sparkle.
You feel drowsy...
You fall asleep.
You feel sick.
The cane toad is no longer blind.
You feel sick. The cane toad stings you!!!
You feel threatened and lose the ability to read scrolls!
You die...

#####.......P #
#...#Y.......
..###...#.Y#
.........Y#.#
###...YY## #
###..Y#### ##
##...Y.#
.#..P#...YF##
..........@.##
###.#..#.....#
# ####.#..###
##......#
##...#..##
#....#.P#
##..P.).##
#####........#
##..†......P###


You could see a yak, a cane toad and 4 dream sheep.

Vanquished Creatures
  Fannar (D:10)
  3 hydras
  Harold (Lair:1)
  A centaur warrior (D:8)
  A two-headed ogre (D:10)
  Nergalle (Lair:2)
  Pikel (D:8)
  2 cyclopes
  An orc knight (D:11)
  An elephant (D:11)
  Maurice (D:11)
  A merfolk siren (Lair:3)
  A gargoyle (D:10)
  A black mamba (Lair:1)
  Joseph (D:10)
  3 cane toads
  2 komodo dragons
  2 rime drakes
  2 trolls
  A polar bear (Lair:1)
  2 slime creatures (Lair:5)
  13 blink frogs
  2 dream sheep (Lair:6)
  2 wraiths
  5 wyverns
  55 yaks
  2 basilisks
  A steam dragon (Lair:4)
  A warg (D:9)
  Duvessa (D:5)
  9 water moccasins
  10 orc warriors
  3 sky beasts
  6 black bears
  2 eyes of draining (D:10)
  2 necrophages
  5 ogres
  4 ice beasts
  3 centaurs
  18 wolves
  3 phantoms
  Blork the orc (D:4)
  A big kobold (D:11)
  A wyvern zombie (D:11)
  20 bullfrogs
  A gnoll sergeant (D:9)
  Dowan (D:5)
  7 killer bees
  4 electric eels (Lair:4)
  9 wights
  A howler monkey (D:8)
  A bullfrog zombie (D:9)
  4 jellies
  4 quasits
  13 hounds
  4 bullfrog skeletons
  10 orc priests
  Crazy Yiuf (D:4)
  4 iguanas
  20 orc wizards
  10 worker ants
  A hound zombie (D:11)
  A hound skeleton (D:4)
  A howler monkey zombie (D:10)
  A worker ant zombie (D:5)
  9 gnolls
  13 adders
  2 shadow imps
  A white imp (D:5)
  An ufetubus (D:8)
  2 oozes
  4 adder skeletons
  A worm (shapeshifter) (D:8)
  4 dart slugs
  5 leopard geckos
  54 orcs
  8 bats
  5 giant cockroaches
  5 goblins
  9 hobgoblins
  14 jackals
  4 quokkas
  4 frilled lizards
  A goblin zombie (D:7)
  A hobgoblin zombie (D:7)
  A jackal skeleton (D:5)
  17 kobolds
  A kobold skeleton (D:7)
  2 orc skeletons (D:7)
  An orc zombie (D:7)
  A quokka skeleton (D:7)
  7 rats
475 creatures vanquished.

Vanquished Creatures (others)
  2 yaks
  An orc warrior (D:11)
  A fire vortex (Lair:4)
  18 fungi
  39 plants
61 creatures vanquished.

Grand Total: 536 creatures vanquished

Notes
Turn   | Place    | Note
-------+----------+-------------------------------------------
     0 | D:1      | kae the Draconian Transmuter began the quest for the Orb.
     0 | D:1      | Reached XP level 1. HP: 16/16 MP: 3/3
   155 | D:1      | Reached XP level 2. HP: 15/23 MP: 3/5
   982 | D:1      | Reached XP level 3. HP: 28/28 MP: 4/6
   986 | D:1      | Learned a level 3 spell: Spider Form
  1956 | D:2      | Reached XP level 4. HP: 36/36 MP: 3/7
  2246 | D:2      | Reached skill level 4 in Unarmed Combat
  2468 | D:2      | Found a burning altar of Makhleb.
  2799 | D:2      | Noticed Sigmund
  2810 | D:2      | Reached XP level 5. HP: 39/42 MP: 8/8
  3052 | D:2      | Learned a level 4 spell: Ice Form
  4107 | D:3      | Found an iron altar of Okawaru.
  4357 | D:3      | Found a basalt altar of Yredelemnul.
  4363 | D:3      | Found a sparkling altar of Nemelex Xobeh.
  4366 | D:3      | Found a white marble altar of Elyvilon.
  5016 | D:4      | Reached skill level 1 in Poison Magic
  5142 | D:4      | Reached XP level 6. HP: 49/50 MP: 6/10
  5217 | D:4      | Found Wasa's Weapon Emporium.
  5219 | D:4      | Reached skill level 1 in Ice Magic
  5556 | D:4      | Found a radiant altar of Vehumet.
  5673 | D:4      | Found a runed translucent door.
  5674 | D:4      | Noticed Crazy Yiuf
  5764 | D:4      | Noticed Blork the orc
  5788 | D:4      | Killed Blork the orc
  6192 | D:4      | Killed Crazy Yiuf
  6259 | D:5      | Entered Level 5 of the Dungeon
  6353 | D:5      | Reached skill level 5 in Unarmed Combat
  6386 | D:5      | Your scales start taking on an icy white colour.
  6386 | D:5      | Reached XP level 7. HP: 44/57 MP: 8/11
  6386 | D:5      | Gained mutation: Your flesh is cold resistant. (rC+) [White
                  | Draconian growth]
  6927 | D:5      | Found an opulent altar of Gozag.
  7226 | D:5      | Reached XP level 8. HP: 50/66 MP: 9/13
  7314 | D:5      | Found a glowing silver altar of Zin.
  7527 | D:5      | Noticed Duvessa
  7528 | D:5      | Found a bloodstained altar of Trog.
  7546 | D:5      | Killed Duvessa
  7547 | D:5      | Reached skill level 6 in Unarmed Combat
  7791 | D:5      | Noticed Dowan
  7820 | D:5      | Killed Dowan
  8238 | D:5      | Found a shimmering blue altar of Sif Muna.
  8245 | D:5      | Identified Sif Muna's Handbook of Attacks
  9282 | D:6      | Reached skill level 5 in Ice Magic
  9691 | D:7      | Found a glowing golden altar of the Shining One.
  9834 | D:7      | Found a bloodstained altar of Trog.
  9846 | D:7      | Reached XP level 9. HP: 32/72 MP: 12/15
  9863 | D:7      | Reached skill level 7 in Unarmed Combat
 10235 | D:7      | Found a broken altar of Ashenzari.
 10329 | D:7      | Found a staircase to the Ecumenical Temple.
 10339 | D:7      | Reached skill level 5 in Fighting
 10345 | Temple   | Entered the Ecumenical Temple
 10435 | Temple   | Became a worshipper of Ru the Awakened
 10790 | D:7      | Reached skill level 5 in Transmutations
 11182 | D:8      | Noticed a meliai
 11189 | D:8      | Noticed Pikel
 11197 | D:8      | Killed Pikel
 11198 | D:8      | Reached skill level 8 in Unarmed Combat
 11424 | D:8      | Found a snail-covered altar of Cheibriados.
 11783 | D:8      | Reached skill level 5 in Dodging
 11783 | D:8      | Reached skill level 5 in Spellcasting
 11920 | D:8      | Found an ancient bone altar of Kikubaaqudgha.
 12003 | D:8      | Noticed a cyclops
 12110 | D:8      | Reached XP level 10. HP: 83/83 MP: 13/17
 12172 | D:8      | Noticed a centaur warrior
 12184 | D:8      | Killed a centaur warrior
 12356 | D:8      | Learned a level 5 spell: Blade Hands
 12366 | D:8      | Killed a cyclops
 12419 | D:8      | Reached skill level 9 in Unarmed Combat
 12613 | D:8      | Gained mutation: You are hated by all. [Ru sacrifice]
 12613 | D:8      | Reached * piety under Ru
 13115 | D:9      | Found a staircase to the Orcish Mines.
 14110 | D:10     | Entered Level 10 of the Dungeon
 14546 | D:10     | Reached XP level 11. HP: 84/91 MP: 20/20
 14559 | D:10     | Noticed Joseph
 14571 | D:10     | HP: 5/110 [poisoned by a water moccasin]
 14578 | D:10     | HP: 3/92 [poisoned by a water moccasin]
 14585 | D:10     | HP: 3/92 [poisoned by a water moccasin]
 14593 | D:10     | HP: 3/92 [poisoned by a water moccasin]
 15051 | D:10     | Gained mutation: You cannot study or use magical devices.
                  | [Ru sacrifice]
 15051 | D:10     | Reached ** piety under Ru
 15051 | D:10     | Reached *** piety under Ru
 15132 | D:10     | Noticed a two-headed ogre
 15140 | D:10     | Killed a two-headed ogre
 15141 | D:10     | Reached skill level 10 in Unarmed Combat
 15386 | D:10     | Noticed Fannar
 15516 | D:10     | Killed Fannar
 15719 | D:10     | Killed Joseph
 16515 | D:11     | Noticed Maurice
 16528 | D:11     | Killed Maurice
 16558 | D:11     | Noticed an orc knight
 16834 | D:11     | Killed an orc knight
 17186 | D:11     | Reached skill level 11 in Unarmed Combat
 17238 | D:11     | Found Axucal's Armour Shoppe.
 17270 | D:11     | Found a staircase to the Lair.
 17939 | D:11     | Reached XP level 12. HP: 100/102 MP: 18/22
 18238 | Lair:1   | Entered Level 1 of the Lair of Beasts
 18867 | D:11     | Gained mutation: You are somewhat inexperienced. (-2 XL)
                  | [Ru sacrifice]
 18867 | D:11     | Reached XP level 11. HP: 95/95 MP: 22/22
 18867 | D:11     | Reached XP level 10. HP: 90/90 MP: 21/21
 18867 | D:11     | Reached **** piety under Ru
 18867 | D:11     | Reached ***** piety under Ru
 19135 | Lair:1   | Noticed a cane toad
 19140 | Lair:1   | Killed a cane toad
 19239 | Lair:1   | Found a sacrificial altar of Ru.
 19248 | Lair:1   | Noticed a black mamba
 19264 | Lair:1   | Killed a black mamba
 19712 | Lair:1   | Noticed Harold
 19771 | Lair:1   | Killed Harold
 19772 | Lair:1   | Reached skill level 12 in Unarmed Combat
 19772 | Lair:1   | Reached XP level 11. HP: 47/97 MP: 8/22
 20525 | Lair:2   | Noticed a four-headed hydra
 20648 | Lair:2   | Noticed Nergalle
 20661 | Lair:2   | Killed Nergalle
 21065 | Lair:2   | Gained mutation: You cannot read scrolls while threatened.
                  | [Ru sacrifice]
 21065 | Lair:2   | Reached ****** piety under Ru
 21188 | Lair:2   | You fall into a shaft and drop 2 floors!
 22039 | Lair:4   | Noticed a seven-headed hydra
 22049 | Lair:4   | Killed a seven-headed hydra
 22050 | Lair:4   | Reached XP level 12. HP: 86/106 MP: 14/24
 22923 | Lair:3   | You fall into a shaft and drop 1 floor!
 22977 | Lair:3   | Reached skill level 13 in Unarmed Combat
 23254 | Lair:3   | Found a staircase to the Snake Pit.
 23719 | Lair:3   | Found a staircase to the Shoals.
 24349 | Lair:2   | Killed a ten-headed hydra
 25086 | Lair:5   | Reached skill level 10 in Fighting
 25129 | Lair:5   | Found a staircase to the Slime Pits.
 25245 | Lair:5   | Noticed a four-headed hydra
 25255 | Lair:5   | Killed a four-headed hydra
 25918 | Lair:6   | Entered Level 6 of the Lair of Beasts
 26184 | Lair:6   | Slain by a cane toad

Illustrated notes

Levels and vault maps discovered:
D:1:      lordsloth_arrival_two_stooges, layout_basic,
          hangedman_decor_slide_cut, minmay_vboxes
D:2:      layout_basic, overflow_temple_1_default, uniq_sigmund
D:3:      layout_basic, minmay_overflow_temple_star_quad, marbit_many_paths,
          kennysheep_okawaru_gauntlet
D:4:      layout_loops_ring, vehumet_altar_wand_db, serial_shops, shop,
          uniq_crazy_yiuf_cottage, uniq_blork_the_orc
D:5:      layout_loops_ring, pdpol_temple_overflow_zin_treasury_gozag_greed,
          nzn_overflow_gifts_of_might_and_magic,
          minmay_a_box_with_orc_wizards_in_it
D:6:      layout_rooms
D:7:      layout_basic, nicolae_tso_besieged_by_evil, ashenzari_altar_1,
          temple_green, trog_ov_bears_minmay
D:8:      hangedman_cross_veins, layout_loops_cross, kennysheep_little_box,
          basic_altar, uniq_pikel
D:9:      layout_loops_cross, erik_orc_3
D:10:     layout_irregular_city, serial_rivers, chequers_serial_rivers_marsh,
          chequers_serial_rivers_micro_c, chequers_serial_rivers_small_b,
          chequers_serial_rivers_large_b, chequers_serial_rivers_marsh,
          chequers_serial_rivers_micro_d, uniq_joseph, uniq_fannar
D:11:     layout_gridville, david_lair_generic, serial_shops,
          nicolae_shop_behind_doors, uniq_maurice
Temple:   dpeg_three_leaves_temple
Lair:1:   beast_lair_carwin_large_4, layout_chaotic_city, basic_altar,
          uniq_harold
Lair:2:   layout_cave_pods, grunt_megastairs_3, infiniplex_staircase_pool_2,
          lemuel_fruit_fields, lemuel_fruit_tree, uniq_nergalle
Lair:3:   layout_layer_cave, minmay_shoals_entry_lonely_mermaid,
          chequers_serial_rivers_small_3
Lair:4:   layout_gridlike
Lair:5:   layout_gridlike, minmay_slime_entry_pillars
Lair:6:   due_jungle_book, layout_loops_ring, uniq_urug

Skill      XL: |  1  2  3  4  5  6  7  8  9 10 11 12 |
---------------+-------------------------------------+-----
Dodging        | 2 3 4 5 6 8 |  8.9
Fighting       | 2 3 4 5 9 8 10 | 10.2
Unarmed Combat | 4 5 6 8 12 11 13 | 13.4
Poison Magic   | 1 2 |  2.0
Transmutations | 3 4 5 6 9 8 |  9.7
Ice Magic      | 1 3 5 7 |  7.0
Spellcasting   | 3 4 5 6 8 |  8.0

Action                   |  1- 3 |  4- 6 |  7- 9 | 10-12 || total
-------------------------+-------+-------+-------+-------++-------
Melee: Unarmed           |   114 |   208 |   339 |   719 ||  1380
       Headbutt          |     9 |     8 |       |       ||    17
       Tailslap          |     9 |    11 |    10 |    48 ||    78
       Kick              |     7 |    16 |       |       ||    23
       Punch             |     1 |     2 |     3 |    21 ||    27
 Cast: Beastly Appendage |    17 |    24 |       |       ||    41
       Spider Form       |     3 |    14 |    19 |       ||    36
       Ice Form          |       |       |    29 |    39 ||    68
       Blade Hands       |       |       |       |    68 ||    68
Invok: Power Leap        |       |       |       |     1 ||     1
       Sacrifice Love    |       |       |       |     1 ||     1
       Sacrifice Experie |       |       |       |     1 ||     1
       Sacrifice Words   |       |       |       |     1 ||     1
       Sacrifice Artific |       |       |       |     1 ||     1
 Abil: Breathe Frost     |       |       |     2 |     1 ||     3
  Use: Scroll            |       |     7 |    14 |    10 ||    31
       Potion            |       |       |       |     1 ||     1
 Stab: Paralysed         |       |       |       |     6 ||     6
       Invisible         |       |       |       |     5 ||     5
       Sleeping          |       |       |       |     1 ||     1
Armor: Skin              |    49 |    48 |   109 |   137 ||   343
Dodge: Dodged            |   119 |   153 |   262 |   434 ||   968

Table legend: (Time is in decaauts)
 A = Elapsed time spent in this place.
 B = Non-inter-level travel time spent in this place.
 C = Inter-level travel time spent in this place.
 D = Time resting spent in this place.
 E = Time spent auto-exploring this place.
 F = Levels seen in this place.
 G = Mean time per level.
                   A        B        C        D        E       F      G
               +--------+--------+--------+--------+--------+-----+--------+
         Total |  26033 |  25398 |    635 |   3104 |  19138 |  18 | 1446.3 |
       Dungeon |  18836 |  18498 |    338 |   2660 |  13353 |  11 | 1712.4 |
        Temple |     99 |     91 |      8 |      0 |     67 |   1 |   99.0 |
          Lair |   7097 |   6808 |    289 |    444 |   5717 |   6 | 1182.8 |
               +--------+--------+--------+--------+--------+-----+--------+

Top non-repeatable levels by time:
    D:10: 2800 daAuts
     D:5: 2258 daAuts
    D:11: 2040 daAuts
     D:8: 2006 daAuts
     D:3: 1852 daAuts
     D:1: 1727 daAuts
  Lair:4: 1561 daAuts
  Lair:1: 1518 daAuts
  Lair:2: 1428 daAuts
  Lair:3: 1400 daAuts
     D:2: 1365 daAuts
     D:4: 1294 daAuts
     D:7: 1260 daAuts
     D:9: 1217 daAuts
     D:6: 1014 daAuts
